 Dungeon Crawl Stone Soup version 0.31-a0-1370-gf52a5a9 (webtiles) character file.

Game seed: 7068735003724525100

1687016 cinnamon the Bringer of Law (level 26, 254/254 HPs)
             Began as a Minotaur Fighter on Dec 23, 2023.
             Was the Champion of Zin.
             Escaped with the Orb
             ... and 3 runes!
             The game lasted 07:23:04 (68015 turns).

cinnamon the Bringer of Law (Minotaur Fighter)     Turns: 68015, Time: 07:23:05

Health: 254/254    AC: 52    Str: 34    XL:     26   Next: 46%
Magic:  38/38      EV:  7    Int: 15    God:    Zin [******]
Gold:   95         SH: 27    Dex: 11    Spells: 25/25 levels left

rFire   + . .        E - +9 broad axe "Keeve" {holy, rC+}
rCold   + + +        Y - +8 tower shield
rNeg    + + +        U - +14 crystal plate armour of Shielding {Int+4 SInv}
rPois   +            g - +1 hat {Will+}
rElec   +            L - scarf {rC+ rF+}
rCorr   .            D - +2 pair of gloves
SInv    +            s - +2 pair of boots
Will    +++..        (no amulet)
Stlth   x              - ring of Beogh's Benevolence {rPois rN+++ Str+4 Int+6 Dex-2}
HPRegen 0.62/turn    S - ring of Tuoxoiss {Fly rElec rC+ Will+}
MPRegen 0.26/turn

%: no passive effects
@: flying, hasted (expiring), studying 4 skills, very quick
A: horns 2, retaliatory headbutt
0: Orb of Zot
}: 3/15 runes: serpentine, barnacled, silver
a: Renounce Religion, Recite, Vitalisation, Imprison, Sanctuary, Donate Gold


You escaped.
You worshipped Zin.
Zin was exalted by your worship.
You visited 12 branches of the dungeon, and saw 51 of its levels.
You visited 1 bazaar.
You also visited: Sewer and Bailey.

You collected 10419 gold pieces.
You spent 9302 gold pieces at shops.
You donated 1022 gold pieces to Zin.

Inventory:

Hand Weapons
 E - the +9 broad axe "Keeve" (weapon) {holy, rC+}
   (Okawaru gifted it to you on level 1 of the Lair of Beasts)

   rC+:       It protects you from cold.
 Q - a +4 war axe of flaming
Missiles
 e - 6 javelins
 A - 44 boomerangs (quivered)
 C - 7 silver javelins
 F - 9 curare-tipped darts
 P - 5 throwing nets
 R - 28 datura-tipped darts
Armour
 g - a +1 hat of willpower (worn)
 s - a +2 pair of boots (worn)
 D - a +2 pair of gloves (worn)
 L - a scarf of resistance (worn)
 U - the +14 crystal plate armour of Shielding (worn) {Int+4 SInv}
   (Okawaru gifted it to you on level 1 of the Lair of Beasts)

   Int+4:     It affects your intelligence (+4).
   SInv:      It lets you see invisible.
 Y - a +8 tower shield (worn)
Jewellery
 c - a ring of protection from fire
 j - a ring of ice
 m - an amulet of reflection
 x - the ring of Beogh's Benevolence (left hand) {rPois rN+++ Str+4 Int+6 Dex-2}
   (You took it off a vault sentinel on level 5 of the Vaults)

   [ring of intelligence]

   Str+4:     It affects your strength (+4).
   Int+6:     It affects your intelligence (+6).
   Dex-2:     It affects your dexterity (-2).
   rPois:     It protects you from poison rN+++: It renders you almost immune to
   negative energy.
 y - a ring of willpower
 J - the amulet of Ascent {Spirit rElec Regen+ Dex+2}
   (You took it off a deep elf death mage on level 3 of the Elven Halls)

   [amulet of guardian spirit]

   Spirit:    It causes incoming damage to be divided between your reserves of
   health and magic.
   Dex+2:     It affects your dexterity (+2).
   rElec:     It insulates you from electricity.
   Regen+:    It increases your rate of health regeneration.
 S - the ring of Tuoxoiss (right hand) {Fly rElec rC+ Will+}
   (You acquired it on level 2 of the Vaults)

   [ring of flight]

   rC+:       It protects you from cold.
   rElec:     It insulates you from electricity.
   Will+:     It increases your willpower.
   Fly:       It grants you flight.
 X - the ring of Realliph {^Contam rElec rCorr Str+6}
   (You took it off a deep elf pyromancer on level 12 of the Dungeon)

   [ring of strength]

   Str+6:     It affects your strength (+6).
   rElec:     It insulates you from electricity.
   ^Contam:   It causes magical contamination when unequipped.
   rCorr:     It protects you from acid and corrosion.
Wands
 I - a wand of digging (6)
Scrolls
 i - 10 scrolls of teleportation
 k - 6 scrolls of fear
 q - 4 scrolls of silence
 r - 2 scrolls of summoning
 H - 10 scrolls of immolation
 N - a scroll of blinking
 V - 7 scrolls of poison
 W - 2 scrolls of revelation
Potions
 a - 2 potions of ambrosia
 b - 3 potions of invisibility
 d - 3 potions of might
 f - 14 potions of curing
 h - a potion of heal wounds
 l - a potion of cancellation
 o - 8 potions of mutation
 t - 7 potions of attraction
 v - 2 potions of brilliance
 z - 2 potions of haste
 G - 2 potions of magic
 K - 5 potions of enlightenment
 O - 3 potions of resistance
 Z - a potion of berserk rage
Miscellaneous
 n - a condenser vane
 u - a lightning rod (4/4)
 T - a phial of floods (inert)


   Skills:
 - Level 24.0 Fighting
 - Level 20.0 Axes
 - Level 23.0 Throwing
 - Level 24.0 Armour
 - Level 17.0 Shields
 - Level 0.3 Spellcasting
 - Level 7.0 Alchemy
 * Level 24.1 Invocations
 - Level 4.9 Evocations


You had 25 spell levels left.
You didn't know any spells.
Your spell library contained the following spells:

 Spells                   Type           Power      Damage    Failure   Level
 Sting                    Conj/Alch      40%        1d5       52%         1
 Mercury Vapours          Alch/Air       20%        N/A       65%         2
 Passwall                 Alch/Erth      8%         N/A       65%         2
 Olgreb's Toxic Radiance  Alch           21%        N/A       80%         4
 Cigotuvi's Dreadful Rot  Necr/Alch/Air  14%        N/A       82%         2
 Foxfire                  Conj/Fire      0%         2x1d4     95%         1
 Freeze                   Ice            0%         1d3       95%         1
 Kiss of Death            Conj/Necr      0%         2d5       95%         1
 Sandblast                Erth           0%         2d4       95%         1
 Shock                    Conj/Air       0%         1d3       95%         1
 Slow                     Hex            0%         N/A       95%         1
 Summon Small Mammal      Summ           0%         N/A       95%         1
 Call Imp                 Summ           0%         N/A       98%         2
 Jinxbite                 Hex            0%         N/A       98%         2
 Lesser Beckoning         Tloc           0%         N/A       98%         2
 Scorch                   Fire           0%         2d5       98%         2
 Static Discharge         Conj/Air       0%         3-3/arc   98%         2
 Sublimation of Blood     Necr           0%         N/A       98%         2
 Alistair's Intoxication  Alch           14%        N/A       98%         5
 Ignite Poison            Fire/Alch      10%        N/A       99%         4
 Leda's Liquefaction      Alch/Erth      5%         N/A       99%         4
 Petrify                  Alch/Erth      10%        N/A       99%         4
 Sticky Flame             Fire/Alch      10%        2d5       99%         4
 Call Canine Familiar     Summ           0%         N/A       100%        3
 Confusing Touch          Hex            0%         N/A       100%        3
 Dazzling Flash           Conj/Hex       0%         N/A       100%        3
 Frozen Ramparts          Ice            0%         1d1       100%        3
 Gell's Gravitas          Tloc           0%         N/A       100%        3
 Hailstorm                Conj/Ice       0%         3d5       100%        3
 Inner Flame              Hex/Fire       0%         N/A       100%        3
 Ozocubu's Armour         Ice            0%         N/A       100%        3
 Sigil of Binding         Hex            0%         N/A       100%        3
 Stone Arrow              Conj/Erth      0%         3d7       100%        3
 Summon Guardian Golem    Hex/Summ       0%         N/A       100%        3
 Swiftness                Air            0%         N/A       100%        3
 Teleport Other           Tloc           0%         N/A       100%        3
 Tukima's Dance           Hex            0%         N/A       100%        3
 Vampiric Draining        Necr           0%         2d6       100%        3
 Volatile Blastmotes      Fire/Tloc      0%         2d10      100%        3
 Airstrike                Air            0%         2d(0-16)  100%        4
 Anguish                  Hex/Necr       0%         N/A       100%        4
 Animate Armour           Summ/Erth      0%         N/A       100%        4
 Animate Dead             Necr           0%         N/A       100%        4
 Brom's Barrelling Bould  Conj/Erth      0%         2d3       100%        4
 Dimensional Bullseye     Hex/Tloc       0%         N/A       100%        4
 Flame Wave               Conj/Fire      0%         2d4       100%        4
 Iskenderun's Mystic Bla  Conj/Tloc      0%         2d3       100%        4
 Manifold Assault         Tloc           0%         N/A       100%        4
 Passage of Golubria      Tloc           0%         N/A       100%        4
 Summon Ice Beast         Ice/Summ       0%         N/A       100%        4
 Summon Lightning Spire   Summ/Air       0%         N/A       100%        4
 Vhi's Electric Charge    Tloc/Air       0%         N/A       100%        4
 Arcjolt                  Conj/Air       0%         1d10      100%        5
 Borgnjor's Vile Clutch   Necr/Erth      0%         N/A       100%        5
 Fireball                 Conj/Fire      0%         3d3       100%        5
 Freezing Cloud           Conj/Ice/Air   0%         6-21      100%        5
 Iskenderun's Battlesphe  Conj           0%         2d6       100%        5
 Metabolic Englaciation   Hex/Ice        0%         N/A       100%        5
 Summon Forest            Summ/Tloc      0%         N/A       100%        5
 Summon Mana Viper        Hex/Summ       0%         N/A       100%        5
 Yara's Violent Unravell  Hex/Alch       5%         3d4       100%        5
 Bombard                  Conj/Erth      0%         9d1       100%        6
 Conjure Ball Lightning   Conj/Air       0%         3x3d6     100%        6
 Death Channel            Necr           0%         N/A       100%        6
 Dispersal                Tloc           0%         N/A       100%        6
 Eringya's Noxious Bog    Alch           10%        4d6       100%        6
 Plasma Beam              Fire/Air       0%         2x1d10    100%        6
 Simulacrum               Ice/Necr       0%         N/A       100%        6
 Starburst                Conj/Fire      0%         6d3       100%        6
 Summon Cactus Giant      Summ           0%         N/A       100%        6
 Enfeeble                 Hex            0%         N/A       100%        7
 Malign Gateway           Summ/Tloc      0%         N/A       100%        7
 Monstrous Menagerie      Summ           0%         N/A       100%        7
 Orb of Destruction       Conj           0%         9d5       100%        7
 Ozocubu's Refrigeration  Ice            0%         4d7       100%        7
 Summon Hydra             Summ           0%         N/A       100%        7
 Discord                  Hex            0%         N/A       100%        8
 Disjunction              Tloc           0%         N/A       100%        8
 Lehudib's Crystal Spear  Conj/Erth      0%         10d2      100%        8
 Maxwell's Capacitive Co  Air            0%         ∞         100%        8
 Summon Horrible Things   Summ           0%         N/A       100%        8


Dungeon Overview and Level Annotations

Branches:
Dungeon (15/15)            Temple (1/1) D:4            Lair (4/5) D:10
 Shoals (4/4) Lair:2        Snake (4/4) Lair:3        Slime (0/5) Lair:4
    Orc (2/2) D:9             Elf (3/3) Orc:2        Vaults (5/5) D:13
  Crypt (3/3) Vaults:2       Tomb (1/3) Crypt:3      Depths (4/4) D:15
    Zot (5/5) Depths:4      Sewer (visited)          Bailey (visited)

Altars:
Ashenzari
Cheibriados
Dithmenos
Elyvilon
Fedhas
Gozag
Hepliaklqana
Kikubaaqudgha
Makhleb
Nemelex Xobeh
Okawaru
Qazlal
Ru
Sif Muna
Trog
Uskayaw
Vehumet
Wu Jian
Xom
Yredelemnul
Zin
The Shining One
Jiyva

Shops:
D:1 *   D:2 (   D:6 (   D:14 *   Orc:1 (   Orc:2 (*!(:   Elf:1 *   Elf:2 [
Snake:4 **   Vaults:2 ???   Vaults:3 [=(=   Depths:1 *   Depths:4 [

Portals:
Hell: Depths:1 Depths:2 Depths:3 Depths:4
Abyss: D:13 Depths:3
Pandemonium: Depths:1 Depths:2 Depths:3 Depths:4
Ziggurat: Depths:3

Annotations:
Lair:1 3 runed translucent doors, Qebbuih's ghost, journeyman DrGl
Vaults:4 3 runed translucent doors, Viwk's ghost, veteran AtGl


Innate Abilities, Weirdness & Mutations

You have a pair of horns on your head.
You reflexively headbutt those who attack you in melee.


Message History

Okay, then.
Activating: Sanctuary (0% risk of failure)
Press: ? - help, Dir - look around, f - activate You hear a choir sing!
The Executioner turns to flee the light!
There is a stone staircase leading up here.
You fly upwards.
There is a stone staircase leading down here.
An Ice Fiend comes into view.
Your extra speed is starting to run out.
There is a stone staircase leading up here.
You feel yourself slow down.
You fly upwards.
There is a stone staircase leading down here.
You feel yourself speed up.
Aiming: Dig
Press: ? - help, Shift-Dir - straight line A rock wall.
This square is covered in magical glow.
The rock shatters into small pieces.
Aiming: Dig
Press: ? - help, Shift-Dir - straight line A rock wall.
This square is covered in magical glow.
The rock shatters into small pieces.
Okay, then.
You feel that Zin will soon be exalted by your worship.
Okay, then.
Okay, then.
You start removing your amulet.
You continue taking off the dreamshard necklace {Acrobat *Dream}. x2
Your extra speed is starting to run out.
You continue taking off the dreamshard necklace {Acrobat *Dream}. x2
You finish taking off the dreamshard necklace {Acrobat *Dream}.
The world feels relentlessly logical and grey.
You drop the dreamshard necklace {Acrobat *Dream}.
There is a staircase leading out of the dungeon here.
You can't go down here!
Unknown command.
You have escaped!

###.# #.##############.#
....# #.# #.#### .#### #.#
#....# .#### #.# #.##.#
....# #.# #.##.# .##.## #.#
#.##.# .#.#.###.# #####
#.##.# ..###.##.# ##.>.##
#.##.# .#.#.....# ##..@..##
#.##.# ###...####
##..."...###.##.# ##..#
##..⌠...⌠..##.##.#
#..#####...........####.#
####....##.⌠....⌠....⌠.###.#
....)..##....(..........##.#
####..##..⌠...⌠...⌠...⌠..###
##..##...................##
##...#......⌠.).....⌠......#


There were no monsters in sight!

Vanquished Creatures
  4 dread liches
  5 orbs of fire
  Mara (Vaults:2)
  3 ancient liches
  Xtahua (Vaults:5)
  Vv (Depths:2)
  7 Killer Klowns
  2 caustic shrikes (Depths:2)
  4 curse toes
  Nikola (Vaults:2)
  7 golden dragons
  A profane servitor (Crypt:3)
  2 bone dragons
  2 electric golems (Zot:5)
  Jorgrun (Snake:2)
  Rupert (D:13)
  3 liches
  21 tentacled monstrosities
  23 Orb Guardians (Zot:5)
  4 deep elf master archers
  A walking divine tome (Depths:3)
  9 deep elf blademasters
  3 quicksilver dragons
  8 titans
  3 sphinxes
  5 ancient champions
  The ghost of Guenter the Severer, an adept FoFi of Okawaru (Shoals:4)
  8 shadow dragons
  11 death cobs
  Kirke (Lair:2)
  Aizul (Shoals:1)
  8 tengu reavers
  The ghost of Ytinut the Bludgeoner, an adept MiAK of Lugonu (D:15)
  11 storm dragons
  5 revenants
  17 nagarajas
  A draconian knight (Zot:1)
  18 vault wardens
  20 frost giants
  7 protean progenitors
  18 fire giants
  2 ghost moths (Zot:4)
  3 draconian monks
  4 draconian shifters
  The ghost of Saucecrufibb the Severer, a journeyman DsBe of Trog (D:15)
  A curse skull (Crypt:3)
  3 draconian scorchers
  Louise (Snake:2)
  4 deep elf sorcerers
  15 ironbound preservers
  3 orc warlords
  A caustic shrike skeleton (Crypt:2)
  5 deep elf elementalists (Elf:3)
  5 formless jellyfish
  2 iron dragons
  5 draconian annihilators
  6 ghouls
  A spriggan defender (Depths:4)
  2 draconian stormcallers
  2 reapers
  15 stone giants
  The ghost of Lufafulu the Fencer, a journeyman TeBe of Trog (D:15)
  2 war gargoyles
  12 very ugly things
  3 ironbound thunderhulks
  8 green draconians
  4 vampire knights
  11 deep elf death magi
  A dire elephant (Vaults:1)
  19 black draconians
  8 deep elf demonologists
  7 red draconians
  11 white draconians
  11 purple draconians
  2 minotaurs
  9 spark wasps
  8 yellow draconians
  2 crystal guardians
  5 deep elf annihilators
  18 ettins
  2 blizzard demons
  6 eidola
  17 jiangshi
  The ghost of wqsa789 the Black Belt, a journeyman HuFi of Gozag (D:12)
  Snorg (D:14)
  9 fire dragons
  9 merfolk impalers
  2 entropy weavers (Vaults:1)
  5 merfolk javelineers
  14 yaktaur captains
  30 vault guards
  A salamander tyrant (Snake:4)
  2 spriggan zombies (Crypt:1)
  8 deep elf high priests
  5 great orbs of eyes
  6 rakshasas
  3 hydras
  3 anacondas
  23 centaur warriors
  3 spriggan air magi
  An anaconda (shapeshifter) (Vaults:5)
  A catoblepas (D:15)
  2 peacekeepers
  3 spriggan skeletons
  11 ironbound frosthearts
  5 alligator snapping turtles
  3 merfolk aquamancers (Shoals:4)
  A merfolk avatar (Shoals:1)
  8 ice dragons
  6 death knights
  2 ogre magi (Vaults:5)
  12 two-headed ogres
  5 satyrs
  3 boulder beetles (D:12)
  12 dancing weapons
  5 deep troll shamans
  5 occultists
  9 tengu warriors
  5 vampire magi
  9 deep troll earth magi
  8 orc high priests
  A titan zombie (Crypt:3)
  21 naga warriors
  8 shock serpents
  6 spriggan berserkers
  12 naga sharpshooters
  A soul eater (Depths:3)
  5 spriggans
  6 hell knights (Depths:2)
  Sonja (D:13)
  25 deep elf knights
  Amaemon (Lair:2)
  6 iron trolls
  A sixfirhy (Zot:4)
  3 skysharks
  37 skeletal warriors
  7 salamander mystics
  An anaconda zombie (Crypt:1)
  4 shadow wraiths
  Lodul (D:13)
  2 goliath frogs (Zot:1)
  2 bunyip zombies
  19 sea snakes
  59 deep trolls
  6 flayed ghosts
  23 deep elf archers
  4 glowing orange brains
  A lindwurm (shapeshifter) (Vaults:5)
  24 harpies
  A large abomination (Crypt:3)
  5 naga ritualists
  9 necromancers
  11 phantasmal warriors
  4 arcanists
  12 ironbound convokers
  3 lindwurms (Vaults:1)
  29 deep elf zephyrmancers
  An iron dragon zombie (Crypt:2)
  23 orc knights
  A golden dragon skeleton (Crypt:1)
  A harpy (shapeshifter) (D:13)
  32 ugly things
  28 deep elf pyromancers
  A wolf spider (D:12)
  15 fauns
  Maurice (D:11)
  16 mana vipers
  5 orc sorcerers
  3 stone giant zombies
  14 manticores
  13 cyclopes
  A moth of wrath (shapeshifter) (Depths:3)
  22 salamanders
  12 elephants
  30 black mambas
  16 moths of wrath
  2 kobold blastminers (Orc:2)
  9 merfolk sirens
  A dire elephant zombie (Crypt:1)
  7 guardian serpents
  A black mamba (shapeshifter) (Vaults:5)
  A frost giant skeleton (Crypt:1)
  3 smoke demons
  17 vault sentinels
  3 eyes of devastation (Zot:3)
  4 water nymphs
  An orange demon (Lair:2)
  15 naga magi
  3 cane toads
  An alligator snapping turtle zombie (Crypt:2)
  8 gargoyles
  2 torpor snails
  2 human zombies (Vaults:2)
  Jeremiah (D:9)
  2 naga skeletons
  A rime drake (shapeshifter) (Elf:1)
  2 centaur skeletons
  8 freezing wraiths
  2 dire elephant skeletons
  4 rime drakes
  Maggie (D:8)
  An unseen horror (D:8)
  29 yaktaurs
  5 tengu conjurers
  An ice devil (D:7)
  12 komodo dragons
  A golden dragon simulacrum (Crypt:3)
  A guardian mummy (Tomb:1)
  A tormentor (Depths:4)
  9 trolls
  4 meliai
  2 harpy zombies (Crypt:1)
  A polar bear (Lair:3)
  40 merfolk
  5 hornets
  A queen bee (shapeshifter) (Depths:1)
  An ice dragon zombie (Crypt:1)
  9 wind drakes
  12 snapping turtles
  A death drake skeleton (Crypt:1)
  4 dream sheep
  A tengu simulacrum (Vaults:2)
  9 blink frogs (Lair:1)
  36 slime creatures
  2 ynoxinuls
  53 laughing skulls (Crypt:3)
  A black mamba zombie (Crypt:2)
  A centaur simulacrum (Crypt:1)
  15 water elementals
  A vampire (D:12)
  5 shadows
  3 air elementals
  49 yaks
  An ettin skeleton (Crypt:2)
  4 fire elementals
  2 wyverns
  2 hogs (Lair:2)
  12 wraiths
  A golden eye (shapeshifter) (Elf:3)
  4 basilisks
  3 wargs
  6 humans
  3 redbacks
  2 steam dragons
  3 vampire mosquitoes (D:11)
  3 small abominations (Crypt:3)
  2 acid dragons
  41 nagas
  8 water moccasins
  A hydra simulacrum (Crypt:3)
  Pargi (Sewer)
  A sky beast (shapeshifter) (D:12)
  A meliai simulacrum (D:14)
  A cane toad skeleton (Crypt:1)
  2 lindwurm zombies (Crypt:1)
  2 sky beasts
  A snapping turtle zombie (Crypt:1)
  A swamp drake (shapeshifter) (Vaults:5)
  A black bear (shapeshifter) (Elf:1)
  50 orc warriors
  4 black bears
  19 ogres
  15 wolves
  A manticore zombie (Crypt:2)
  2 boggarts
  15 centaurs
  A swamp dragon skeleton (Crypt:2)
  5 kobold brigands
  A komodo dragon zombie (Crypt:2)
  16 bullfrogs
  2 earth elementals
  11 necrophages
  A gnoll sergeant (D:7)
  A wyvern zombie (Crypt:1)
  8 scorpions
  13 wights
  A queen bee zombie (Crypt:2)
  7 killer bees
  A troll zombie (Crypt:1)
  5 electric eels
  A vampire bat (Orc:2)
  A troll skeleton (Crypt:1)
  2 howler monkeys
  9 jellies
  Crazy Yiuf (D:3)
  2 gnoll boudas (D:5)
  33 orc priests
  5 hounds
  Jessica (D:2)
  A sleepcap (D:5)
  Ijyb (D:3)
  Natasha (thrice) (D:2)
  A basilisk skeleton (Crypt:2)
  An iguana (D:5)
  23 orc wizards
  6 hell rats (Lair:4)
  Terence (D:3)
  A crocodile skeleton (Crypt:2)
  3 mummies (Tomb:1)
  9 adders
  2 white imps
  A bombardier beetle (D:5)
  3 worms
  The ghost of Ifayps the Shield-Bearer, a weakling FoFi (D:15)
  4 dart slugs
  82 orcs
  2 ball pythons (D:1)
  5 endoplasms
  5 giant cockroaches
  9 goblins
  6 hobgoblins
  3 jackals (Sewer)
  5 quokkas
  9 bats
  5 frilled lizards
  A frilled lizard skeleton (Crypt:1)
  A jackal zombie (Crypt:2)
  27 kobolds
  2 rats
  A lurking horror (D:13)
2320 creatures vanquished.

Vanquished Creatures (collateral kills)
  A tengu reaver (Vaults:5)
  An ironbound preserver (Vaults:5)
  2 vault guards (Vaults:5)
  An ogre (Vaults:5)
5 creatures vanquished.

Vanquished Creatures (others)
  An eldritch tentacle (Zot:5)
  A draconian knight (Zot:5)
  A draconian shifter (Zot:5)
  An ironbound preserver (Vaults:5)
  A draconian annihilator (Zot:5)
  2 yellow draconians (Zot:5)
  A salamander tyrant (Snake:4)
  An ice dragon (Depths:2)
  A boulder beetle (D:13)
  A deep elf knight (Elf:1)
  2 deep elf zephyrmancers
  A moth of wrath (Zot:5)
  A slime creature (Vaults:2)
  A naga (Snake:4)
  An orc warrior (Crypt:2)
  An orc (Elf:1)
18 creatures vanquished.

Grand Total: 2343 creatures vanquished

Notes
Turn   | Place    | Note
-------+----------+-------------------------------------------
     0 | D:1      | cinnamon the Minotaur Fighter began the quest for the Orb.
     0 | D:1      | Reached XP level 1. HP: 19/19 MP: 0/0
   147 | D:1      | Reached XP level 2. HP: 22/26 MP: 1/1
   297 | D:1      | Found Miarchop's Assorted Antiques.
   890 | D:2      | Noticed Jessica
   895 | D:2      | Killed Jessica
   896 | D:2      | Reached XP level 3. HP: 27/31 MP: 2/2
   947 | D:2      | Reached skill level 5 in Axes
   984 | D:2      | Noticed Natasha
   991 | D:2      | Killed Natasha
   992 | D:2      | Reached XP level 4. HP: 27/39 MP: 3/3
  1065 | D:2      | Found a faded altar of an unknown god.
  1136 | D:2      | Found a blossoming altar of Fedhas.
  1139 | D:2      | Noticed Natasha
  1148 | D:2      | Killed Natasha
  1149 | D:2      | Reached XP level 5. HP: 32/45 MP: 4/4
  1180 | D:2      | Noticed Natasha
  1202 | D:2      | Found Jaek Vatz's Antique Weapon Shoppe.
  1236 | D:2      | Killed Natasha
  1519 | D:3      | Found a glowing drain.
  1557 | Sewer    | Entered a sewer
  1628 | Sewer    | Noticed Pargi
  1638 | Sewer    | Killed Pargi
  1639 | Sewer    | Reached XP level 6. HP: 40/51 MP: 5/5
  1865 | D:3      | Noticed Ijyb
  1874 | D:3      | Killed Ijyb
  2033 | D:3      | Found a runed translucent door.
  2034 | D:3      | Noticed Crazy Yiuf
  2066 | D:3      | Found a bloodstained altar of Trog.
  2214 | D:3      | Noticed Terence
  2217 | D:3      | Killed Terence
  2458 | D:3      | Killed Crazy Yiuf
  2805 | D:4      | Found a staircase to the Ecumenical Temple.
  2816 | Temple   | Entered the Ecumenical Temple
  2853 | Temple   | Became a worshipper of Warmaster Okawaru
  2956 | D:4      | Found a burning altar of Makhleb.
  2959 | D:4      | Found an ornate altar of the Wu Jian Council.
  2960 | D:4      | Found a hazy altar of Hepliaklqana.
  3437 | D:4      | Identified the +1 leather armour of the Charmed God {Fly
                  | rF+++ Str-2}
  3512 | D:5      | Entered Level 5 of the Dungeon
  3548 | D:5      | Reached skill level 1 in Invocations
  3548 | D:5      | Reached XP level 7. HP: 54/57 MP: 5/7
  3737 | D:5      | Reached * piety under Okawaru
  3794 | D:5      | Reached skill level 10 in Axes
  3887 | D:5      | Reached XP level 8. HP: 56/64 MP: 9/9
  4148 | D:5      | Found the +2 ratskin cloak {*Rats rPois rN+ Str-1 Int-1
                  | Dex+1}
  4280 | D:5      | Reached ** piety under Okawaru
  4281 | D:5      | Reached skill level 1 in Evocations
  4581 | D:6      | Reached skill level 1 in Throwing
  4626 | D:6      | Found a glowing golden altar of the Shining One.
  4660 | D:6      | Reached XP level 9. HP: 64/72 MP: 11/11
  4865 | D:6      | Found a white marble altar of Elyvilon.
  4925 | D:6      | Reached *** piety under Okawaru
  4955 | D:6      | Found Tiwis's Hydra Hut.
  4957 | D:6      | Noticed a six-headed hydra
  5029 | D:6      | Bought a +2 war axe of flaming for 237 gold pieces
  5164 | D:6      | Reached skill level 5 in Fighting
  5164 | D:6      | Reached skill level 5 in Armour
  5178 | D:7      | Noticed a manticore
  5186 | D:6      | Reached skill level 5 in Shields
  5262 | D:7      | Killed a manticore
  5358 | D:7      | Identified the +3 leather armour "Dynty" {rN+}
  5393 | D:7      | Reached skill level 5 in Invocations
  5431 | D:7      | Found a flagged portal.
  5447 | Bailey   | Entered a bailey
  5467 | Bailey   | Reached **** piety under Okawaru
  5586 | Bailey   | Reached XP level 10. HP: 63/83 MP: 10/12
  5591 | Bailey   | Found an iron altar of Okawaru.
  5830 | D:7      | Found a stormy altar of Qazlal.
  5928 | D:7      | Got the Annotations on the Fetching Deep Freeze
  6104 | D:8      | Found an ancient bone altar of Kikubaaqudgha.
  6442 | D:8      | Noticed Maggie
  6451 | D:8      | Killed Maggie
  6615 | D:8      | Reached ***** piety under Okawaru
  6769 | D:8      | Found a snail-covered altar of Cheibriados.
  6949 | D:8      | Found a sacrificial altar of Ru.
  7199 | D:9      | Received a gift from Okawaru
  7281 | D:9      | Found a staircase to the Orcish Mines.
  7340 | D:9      | Reached XP level 11. HP: 92/92 MP: 14/14
  7470 | D:9      | Found a basalt altar of Yredelemnul.
  7478 | D:9      | Found a shimmering blue altar of Sif Muna.
  7812 | D:9      | Noticed Jeremiah
  7859 | D:9      | Killed Jeremiah
  7860 | D:9      | Reached skill level 5 in Throwing
  8163 | D:10     | Entered Level 10 of the Dungeon
  8269 | D:10     | Found a staircase to the Lair.
  8380 | D:10     | Found a glowing silver altar of Zin.
  8398 | D:10     | Identified the +3 ring mail "Qoarim" {Rampage rC+ Will+
                  | Int+5}
  8509 | D:10     | Found a broken altar of Ashenzari.
  8940 | Lair:1   | Entered Level 1 of the Lair of Beasts
  9054 | Lair:1   | Received a gift from Okawaru
  9462 | Lair:1   | Noticed a six-headed hydra
  9469 | Lair:1   | Killed a four-headed hydra
  9469 | Lair:1   | Reached ****** piety under Okawaru
  9469 | Lair:1   | Received a gift from Okawaru
  9488 | Lair:1   | Acquired the +14 crystal plate armour of Shielding {Int+4
                  | SInv}
  9488 | Lair:1   | Received a gift from Okawaru
  9493 | Lair:1   | Acquired the +9 broad axe "Keeve" {holy, rC+}
  9493 | Lair:1   | Received a gift from Okawaru
  9604 | Lair:1   | Found a runed translucent gate.
  9604 | Lair:1   | Found a runed translucent gate.
  9607 | Lair:1   | Found a runed translucent gate.
  9610 | Lair:1   | Noticed Qebbuih's ghost (journeyman DrGl)
  9610 | Lair:1   | Noticed an 11-headed hydra
  9616 | Lair:1   | Noticed a 12-headed hydra
  9888 | Lair:2   | Reached XP level 12. HP: 103/103 MP: 16/16
  9888 | Lair:2   | Noticed Amaemon
  9904 | Lair:2   | Killed Amaemon
  9964 | Lair:2   | Noticed a five-headed hydra
  9978 | Lair:2   | Killed a two-headed hydra
 10109 | Lair:2   | Found a staircase to the Shoals.
 10127 | Lair:2   | Received a gift from Okawaru
 10243 | Lair:2   | Reached skill level 15 in Axes
 10459 | Lair:3   | Received a gift from Okawaru
 10699 | Lair:3   | Found a staircase to the Snake Pit.
 10825 | Lair:3   | Reached XP level 13. HP: 106/113 MP: 18/18
 10828 | Lair:3   | Reached skill level 10 in Fighting
 10980 | Lair:3   | Received a gift from Okawaru
 11297 | Lair:4   | Found a viscous altar of Jiyva.
 11298 | Lair:4   | Found a staircase to the Slime Pits.
 11302 | Lair:4   | Reached skill level 10 in Armour
 11433 | Lair:4   | Reached skill level 10 in Shields
 11433 | Lair:4   | Reached XP level 14. HP: 124/124 MP: 19/19
 12264 | Orc:1    | Entered Level 1 of the Orcish Mines
 12337 | Orc:1    | Found a transporter.
 12337 | Orc:1    | Found Heany's Antique Weapon Shoppe.
 12389 | Orc:1    | Found a transporter.
 12448 | Orc:2    | Entered Level 2 of the Orcish Mines
 12673 | Orc:2    | Received a gift from Okawaru
 13163 | Orc:2    | Received a gift from Okawaru
 13180 | Orc:2    | Found Reckuka's Book Boutique.
 13180 | Orc:2    | Found Naynej's Assorted Antiques.
 13181 | Orc:2    | Found Quziakh's Weapon Shop.
 13181 | Orc:2    | Found Onotucs's Distillery.
 13215 | Orc:2    | Bought a scroll of identify for 50 gold pieces
 13217 | Orc:2    | Bought a potion of resistance for 110 gold pieces
 13217 | Orc:2    | Bought a potion of curing for 33 gold pieces
 13217 | Orc:2    | Bought a potion of lignification for 33 gold pieces
 13217 | Orc:2    | Bought 2 potions of haste for 220 gold pieces
 13217 | Orc:2    | Bought a potion of might for 44 gold pieces
 13217 | Orc:2    | Bought a potion of curing for 33 gold pieces
 13276 | Orc:2    | Found a staircase to the Elven Halls.
 13312 | Orc:2    | Found Novacyich's Firing Range.
 13319 | Orc:2    | Bought a throwing net for 39 gold pieces
 13319 | Orc:2    | Bought 2 throwing nets for 78 gold pieces
 13687 | D:11     | You fall into a shaft and drop 2 floors!
 13845 | D:12     | Found a transporter.
 13846 | D:12     | Noticed wqsa789's ghost (journeyman HuFi)
 13848 | D:12     | Identified the +6 great mace of Disaster {distort, Str+3}
 13860 | D:12     | Found a transporter.
 14152 | D:11     | Noticed Maurice
 14166 | D:11     | Killed Maurice
 14651 | D:12     | Received a gift from Okawaru
 14652 | D:12     | Reached XP level 15. HP: 121/134 MP: 21/21
 14688 | D:12     | Identified the ring of Qeihilem {rC+ MP+9 Str+4}
 14824 | D:12     | Identified the ring of Realliph {^Contam rElec rCorr Str+6}
 14992 | D:12     | Noticed a frost giant
 15002 | D:12     | Killed a frost giant
 15621 | Arena    | Entered the Arena
 15640 | D:12     | Received a gift from Okawaru
 15644 | D:12     | Killed wqsa789's ghost
 16136 | D:13     | Noticed Sonja
 16150 | D:13     | Killed Sonja
 16288 | D:13     | Paralysed by an orc sorcerer for 2 turns
 16367 | D:13     | Found a gate to the Vaults.
 16374 | D:13     | Received a gift from Okawaru
 16450 | D:13     | Noticed Lodul
 16457 | D:13     | Killed Lodul
 16698 | D:13     | Noticed Rupert
 16700 | D:13     | Paralysed by Rupert for 2 turns
 16710 | D:13     | Killed Rupert
 16787 | D:13     | Found a one-way gate to the infinite horrors of the Abyss.
 17048 | D:14     | Found Dit Awic's General Store.
 17094 | D:14     | Bought 2 potions of curing for 72 gold pieces
 17094 | D:14     | Bought a potion of heal wounds for 60 gold pieces
 17157 | D:14     | Noticed Snorg
 17169 | D:14     | Killed Snorg
 17437 | D:14     | Received a gift from Okawaru
 17755 | D:15     | Entered Level 15 of the Dungeon
 17798 | D:15     | Found a blossoming altar of Fedhas.
 17920 | D:15     | Found a staircase to the Depths.
 17955 | D:15     | Reached XP level 16. HP: 147/147 MP: 22/22
 18077 | D:15     | Received a gift from Okawaru
 18160 | D:15     | Found a runed translucent gate.
 18161 | D:15     | Found a runed translucent gate.
 18162 | D:15     | Found a runed translucent gate.
 18164 | D:15     | Noticed Lufafulu's ghost (journeyman TeBe)
 18164 | D:15     | Noticed Ifayps's ghost (weakling FoFi)
 18165 | D:15     | Noticed Ytinut's ghost (adept MiAK)
 18171 | D:15     | Noticed Saucecrufibb's ghost (journeyman DsBe)
 18764 | D:15     | Killed Ifayps's ghost
 18765 | D:15     | Killed Saucecrufibb's ghost
 18767 | D:15     | Killed Lufafulu's ghost
 18776 | D:15     | Killed Ytinut's ghost
 18784 | D:15     | Identified the ring of Kakesint {Int+3 Dex+6}
 19247 | Lair:2   | Reached skill level 10 in Throwing
 19783 | Snake:1  | Entered Level 1 of the Snake Pit
 20243 | Snake:1  | Reached skill level 15 in Fighting
 20269 | Snake:1  | Received a gift from Okawaru
 20275 | Snake:1  | Reached skill level 15 in Armour
 21303 | Snake:2  | Noticed Louise
 21321 | Snake:2  | Killed Louise
 21500 | Snake:2  | Received a gift from Okawaru
 21515 | Snake:2  | Found the dreamshard necklace {Acrobat *Dream}
 21554 | Snake:2  | Noticed Jorgrun
 21571 | Snake:2  | Killed Jorgrun
 21727 | Snake:2  | Identified 2 scrolls of acquirement
 21730 | Snake:2  | Acquired 624 gold pieces
 21734 | Snake:2  | Acquired an amulet of reflection
 21754 | Snake:2  | Found an opulent altar of Gozag.
 22195 | Snake:3  | Reached skill level 15 in Shields
 22404 | Snake:3  | Reached XP level 17. HP: 158/158 MP: 21/23
 22408 | Snake:3  | Received a gift from Okawaru
 23130 | Snake:4  | Entered Level 4 of the Snake Pit
 23673 | Snake:4  | Found Erifruc's Assorted Antiques.
 23674 | Snake:4  | Found Jyal's Mayhem Merchandise.
 23701 | Snake:4  | Bought a coral ring for 120 gold pieces
 23726 | Snake:4  | Bought the +7 great mace "Firestarter" {flame, immolate,
                  | rFlCloud rF++} for 1068 gold pieces
 23726 | Snake:4  | Found the +7 great mace "Firestarter" {flame, immolate,
                  | rFlCloud rF++}
 24136 | Snake:4  | Reached skill level 10 in Invocations
 24182 | Snake:4  | Received a gift from Okawaru
 24648 | Snake:4  | Got a serpentine rune of Zot
 24755 | Snake:4  | Received a gift from Okawaru
 25351 | Shoals:1 | Entered Level 1 of the Shoals
 25351 | Shoals:1 | Noticed Kirke
 25519 | Snake:4  | Bought a scroll of brand weapon for 228 gold pieces
 25519 | Snake:4  | Bought a scroll of silence for 228 gold pieces
 25519 | Snake:4  | Bought a scroll of revelation for 180 gold pieces
 25521 | Snake:4  | Bought a broad axe for 96 gold pieces
 25851 | Lair:2   | Noticed a sphinx
 25926 | Lair:2   | Killed Kirke
 26000 | Shoals:1 | Got Jaray's Anthology of Nightshade and the Quarry
 26137 | Shoals:1 | Identified the serpent talisman of Starshine {Int+3 Stlth+}
 26137 | Shoals:1 | Noticed Aizul
 26153 | Shoals:1 | Killed Aizul
 26154 | Shoals:1 | Reached XP level 18. HP: 141/170 MP: 24/24
 27787 | Shoals:2 | Received a gift from Okawaru
 28719 | Shoals:4 | Entered Level 4 of the Shoals
 28759 | Shoals:4 | Received a gift from Okawaru
 29056 | Shoals:4 | Reached skill level 15 in Throwing
 29246 | Shoals:4 | Received a gift from Okawaru
 29437 | Shoals:4 | Found a runed translucent door.
 29442 | Shoals:4 | Noticed Guenter's ghost (adept FoFi)
 29474 | Shoals:4 | Killed Guenter's ghost
 29806 | Shoals:4 | Reached XP level 19. HP: 65/181 MP: 23/25
 29834 | Shoals:4 | Got a barnacled rune of Zot
 30380 | Vaults:1 | Entered Level 1 of the Vaults
 30781 | Orc:2    | Bought a ring of protection from fire for 625 gold pieces
 31054 | Vaults:1 | Identified the staff "Ysello" {rF+ MP+9 Int+2 Fire}
 31060 | Vaults:1 | Identified the +1 scale mail "Kiliup" {+Blink rN+}
 31097 | Vaults:2 | Noticed Mara
 31099 | Vaults:2 | Noticed cinnamon's illusion
 32542 | Vaults:1 | Received a gift from Okawaru
 33261 | Vaults:2 | Noticed Nikola
 33284 | Vaults:2 | Killed Nikola
 33419 | Vaults:2 | Found Juustrok's Magic Scroll Shoppe.
 33425 | Vaults:2 | Bought a scroll of blinking for 142 gold pieces
 33425 | Vaults:2 | Bought a scroll of enchant armour for 142 gold pieces
 33436 | Vaults:2 | Found Cood's Magic Scroll Emporium.
 33459 | Vaults:2 | Bought a scroll of acquirement for 1092 gold pieces
 33464 | Vaults:2 | Acquired 501 gold pieces
 33476 | Vaults:2 | Bought a scroll of teleportation for 63 gold pieces
 33476 | Vaults:2 | Bought a scroll of teleportation for 63 gold pieces
 33476 | Vaults:2 | Bought a scroll of fog for 84 gold pieces
 33502 | Vaults:2 | Bought a scroll of fear for 84 gold pieces
 33596 | Vaults:2 | Noticed cinnamon's illusion
 33608 | Vaults:2 | Killed Mara
 33655 | Vaults:2 | Acquired 924 gold pieces
 33974 | Vaults:2 | Received a gift from Okawaru
 34357 | Vaults:2 | Found Lasoor's Magic Scroll Emporium.
 34366 | Vaults:2 | Bought a scroll of acquirement for 1092 gold pieces
 34370 | Vaults:2 | Acquired the ring of Tuoxoiss {Fly rElec rC+ Will+}
 34479 | Vaults:2 | Found a staircase to the Crypt.
 35135 | Vaults:3 | Reached XP level 20. HP: 187/193 MP: 26/26
 35322 | Vaults:3 | Found Aruh's Antique Weapon Shop.
 35336 | Vaults:3 | Received a gift from Okawaru
 35629 | Vaults:3 | Found Rut Romas's Armour Emporium.
 35925 | Vaults:3 | Found Liyqo's Jewellery Emporium.
 36211 | Vaults:3 | Found Wodoetoc's Jewellery Boutique.
 36426 | Vaults:4 | Received a gift from Okawaru
 36584 | Vaults:4 | Paralysed by a sphinx for 5 turns
 37087 | Vaults:4 | Identified the +4 great mace "Lacw" {venom, Will- rCorr
                  | Str+2 Int+5}
 37179 | Vaults:4 | Received a gift from Okawaru
 37625 | Vaults:4 | Found a runed translucent gate.
 37625 | Vaults:4 | Found a runed translucent gate.
 37625 | Vaults:4 | Found a runed translucent gate.
 37627 | Vaults:4 | Noticed Viwk's ghost (veteran AtGl)
 37740 | Vaults:4 | Identified the +0 leather armour of Ajo Seo {rN+}
 38070 | Vaults:2 | Gained mutation: Your spells are a little easier to cast,
                  | but a little less powerful. [mutagenic glow]
 38305 | Elf:1    | Entered Level 1 of the Elven Halls
 38318 | Elf:1    | Paralysed by an air elemental for 1 turns
 38322 | Orc:2    | Paralysed by an air elemental for 1 turns
 38862 | Elf:1    | Received a gift from Okawaru
 39360 | Elf:1    | Reached XP level 21. HP: 182/204 MP: 27/27
 39365 | Elf:1    | Found Popt's General Store.
 39801 | Elf:2    | Found Qaepnagh's Antique Armour Emporium.
 40006 | Elf:2    | Found a runed translucent gate.
 40007 | Elf:2    | Found a runed translucent gate.
 40007 | Elf:2    | Found a runed translucent gate.
 40490 | Elf:3    | Entered Level 3 of the Elven Halls
 40645 | Elf:3    | Received a gift from Okawaru
 41027 | Elf:3    | Gained mutation: You are clumsy. (Dex -2) [a cacodemon]
 41052 | Elf:3    | HP: 9/193 [deep elf death mage/vampiric draining (16)]
 41055 | Elf:3    | HP: 4/193 [burnt (23)]
 41929 | Elf:3    | Paralysed by an air elemental for 1 turns
 41933 | Elf:3    | Paralysed by an air elemental for 1 turns
 41951 | Elf:3    | Identified the amulet of Seuseup {RegenMP *Corrode Str+2
                  | Int+3}
 41960 | Elf:3    | Received a gift from Okawaru
 42416 | Elf:3    | Identified the +2 great sword of Gumahes {freeze, Fly Str+3
                  | Int-3}
 42458 | Elf:3    | Identified the +9 morningstar "Hyipuot" {flame, rC+ Dex+3}
 42458 | Elf:3    | Identified the amulet of Ascent {Spirit rElec Regen+ Dex+2}
 42495 | Elf:3    | Identified the +7 quarterstaff of Incongruity {heavy, *Slow
                  | rElec rCorr Str+6}
 42825 | Elf:3    | Identified the +6 halberd "Gyxets" {freeze, rCorr}
 42951 | Elf:3    | Identified the staff "Ethrad" {Int+4 Conj}
 43813 | D:6      | Fell from the grace of Okawaru
 43813 | D:6      | Became a worshipper of the Shining One
 44005 | Crypt:1  | Entered Level 1 of the Crypt
 44020 | Crypt:1  | Reached * piety under the Shining One
 44044 | Crypt:1  | Reached ** piety under the Shining One
 44211 | Crypt:1  | Reached *** piety under the Shining One
 44401 | Crypt:1  | Reached **** piety under the Shining One
 44946 | Crypt:2  | Reached ***** piety under the Shining One
 45326 | Crypt:2  | Reached XP level 22. HP: 215/215 MP: 28/28
 45786 | Crypt:2  | Reached ****** piety under the Shining One
 46015 | Crypt:3  | Entered Level 3 of the Crypt
 46105 | Crypt:3  | Found an ancient bone altar of Kikubaaqudgha.
 46303 | Crypt:3  | Found a staircase to the Tomb.
 47316 | Tomb:1   | Entered Level 1 of the Tomb of the Ancients
 47655 | Depths:1 | Entered Level 1 of the Depths
 47902 | Depths:1 | Found a gateway to a bazaar.
 47915 | Bazaar   | Entered a bazaar
 47915 | Bazaar   | Found Henin's Assorted Antiques.
 47915 | Bazaar   | Found Voun's Jewellery Shoppe.
 47915 | Bazaar   | Found Paviubb's Antique Weapon Emporium.
 47915 | Bazaar   | Found Kuasypp's Weapon Shoppe.
 47924 | Bazaar   | Bought a scroll of enchant armour for 157 gold pieces
 47992 | Depths:1 | Found Jasatud's Neck Hole.
 47993 | Depths:1 | Found a gateway to Hell.
 48010 | Depths:1 | Bought a scarf of resistance for 704 gold pieces
 49030 | Depths:1 | Found a one-way gate leading to the halls of Pandemonium.
 49250 | Depths:1 | Was forgiven by Okawaru
 49598 | Vaults:5 | Entered Level 5 of the Vaults
 49768 | Vaults:4 | Reached XP level 23. HP: 226/226 MP: 31/31
 49880 | Vaults:5 | Noticed Xtahua
 49912 | Vaults:5 | Noticed an ancient lich
 50090 | Vaults:5 | Noticed a dread lich
 50100 | Vaults:5 | Killed a dread lich
 50107 | Vaults:5 | Killed Xtahua
 50109 | Vaults:5 | Identified the ring of Beogh's Benevolence {rPois rN+++
                  | Str+4 Int+6 Dex-2}
 50637 | Vaults:5 | Identified the +0 leather armour of Dogmatism {Harm Dex+7}
 51065 | Vaults:5 | Acquired a +1 hat of willpower
 51595 | Vaults:5 | Killed an ancient lich
 51610 | Vaults:5 | Killed the ghostly Xtahua
 51758 | Vaults:5 | Identified the ring "Keol" {*Slow rC+++ Str-4 Int+6 SInv}
 51928 | Vaults:5 | Got a silver rune of Zot
 51934 | Vaults:5 | Identified the +0 robe of Xuffa {+Inv Str-3 Dex+3 Archmagi}
 52132 | Vaults:5 | Identified the ring of Wupnoiki {MP+9 Int+2 SInv}
 52137 | Vaults:5 | Identified the +4 battleaxe of Discretion {flame, Str+3}
 52155 | Vaults:5 | Identified the +2 ring mail of Intuition {-Cast Will++}
 53110 | D:10     | Fell from the grace of the Shining One
 53110 | D:10     | Became a worshipper of Zin the Law-Giver
 53110 | D:10     | Reached * piety under Zin
 53110 | D:10     | Reached ** piety under Zin
 53110 | D:10     | Reached *** piety under Zin
 53110 | D:10     | Reached **** piety under Zin
 53110 | D:10     | Reached ***** piety under Zin
 53300 | Elf:2    | Bought the +3 Mad Mage's Maulers {Infuse+∞ VampMP -Cast}
                  | for 1640 gold pieces
 53300 | Elf:2    | Found the +3 Mad Mage's Maulers {Infuse+∞ VampMP -Cast}
 54260 | Depths:2 | Donated 262 gold pieces to Zin
 54438 | Depths:2 | Noticed a caustic shrike
 54443 | Depths:2 | Killed a caustic shrike
 54443 | Depths:2 | Noticed a caustic shrike
 54450 | Depths:2 | Killed a caustic shrike
 54461 | Depths:2 | Reached XP level 24. HP: 187/237 MP: 27/32
 54683 | Depths:2 | Noticed Vv
 54715 | Depths:2 | Killed Vv
 55647 | Depths:3 | Reached skill level 15 in Invocations
 55717 | Depths:3 | Found a one-way gateway to a ziggurat.
 56782 | Depths:4 | Entered Level 4 of the Depths
 56890 | Depths:4 | Found an iron altar of Okawaru.
 56897 | Depths:4 | Upgraded the game from 0.31-a0-1363-g282adc6 to
                  | 0.31-a0-1370-gf52a5a9
 57192 | Depths:4 | Found Reniq's Antique Armour Shop.
 57623 | Depths:4 | Identified the +5 chain mail of Adwucu {rN+}
 57928 | Depths:4 | Found a gate to the Realm of Zot.
 58105 | Depths:4 | Donated 251 gold pieces to Zin
 58106 | Depths:4 | Donated 126 gold pieces to Zin
 58115 | Depths:4 | Donated 63 gold pieces to Zin
 58116 | Depths:4 | Donated 31 gold pieces to Zin
 58117 | Depths:4 | Donated 16 gold pieces to Zin
 58118 | Depths:4 | Donated 8 gold pieces to Zin
 58136 | Zot:1    | Entered Level 1 of the Realm of Zot
 58138 | Zot:1    | Noticed an orb of fire
 58153 | Zot:1    | Killed an orb of fire
 58312 | Zot:1    | Reached ****** piety under Zin
 58450 | Zot:1    | Reached XP level 25. HP: 104/245 MP: 15/35
 60311 | Zot:3    | Reached skill level 1 in Alchemy
 60889 | Zot:4    | Noticed a Killer Klown
 60919 | Zot:4    | Killed a Killer Klown
 61277 | Zot:4    | Identified the +2 falchion of Fate {heavy, rC+ rCorr Int+2}
 62126 | Zot:5    | Entered Level 5 of the Realm of Zot
 62423 | Zot:5    | Noticed an ancient lich
 62423 | Zot:5    | Noticed a dread lich
 62425 | Zot:5    | Killed a dread lich
 62432 | Zot:5    | Noticed an orb of fire
 62433 | Zot:5    | Noticed a Killer Klown
 62436 | Zot:5    | Noticed a Killer Klown
 62441 | Zot:5    | Killed an ancient lich
 62442 | Zot:5    | Reached skill level 5 in Alchemy
 62446 | Zot:5    | Killed a Killer Klown
 62492 | Zot:5    | Noticed a dread lich
 62500 | Zot:5    | Killed a dread lich
 62519 | Zot:5    | Noticed an orb of fire
 62547 | Zot:5    | Killed an orb of fire
 62692 | Zot:5    | Noticed an orb of fire
 62693 | Zot:5    | Noticed a Killer Klown
 62694 | Zot:5    | Noticed an orb of fire
 62697 | Zot:5    | Gained mutation: Your magical capacity is low. (-10% MP)
                  | [mutagenic glow]
 62703 | Zot:5    | Reached XP level 26. HP: 148/254 MP: 23/33
 62707 | Zot:5    | Noticed a dread lich
 62805 | Zot:5    | Lost mutation: You are clumsy. (Dex -2) [potion of
                  | mutation]
 62805 | Zot:5    | Lost mutation: Your spells are a little easier to cast, but
                  | a little less powerful. [potion of mutation]
 63316 | Zot:5    | Killed an orb of fire
 63633 | Zot:5    | Killed an orb of fire
 64241 | Elf:1    | Bought a potion of curing for 45 gold pieces
 64241 | Elf:1    | Bought a potion of curing for 45 gold pieces
 64241 | Elf:1    | Bought a scroll of noise for 15 gold pieces
 64251 | Elf:1    | Bought a potion of invisibility for 120 gold pieces
 64573 | D:1      | Bought a potion of haste for 260 gold pieces
 66057 | Zot:5    | Killed an orb of fire
 66344 | Zot:5    | Gained mutation: You are frail. (-10% HP) [mutagenic glow]
 66352 | Zot:5    | Gained mutation: Your spells are a little easier to cast,
                  | but a little less powerful. [mutagenic glow]
 66371 | Zot:5    | Gained mutation: You are weak. (Str -2) [mutagenic glow]
 66425 | Zot:4    | Lost mutation: You are frail. (-10% HP) [potion of
                  | mutation]
 66425 | Zot:4    | Lost mutation: Your spells are a little easier to cast, but
                  | a little less powerful. [potion of mutation]
 66426 | Zot:4    | Lost mutation: You are weak. (Str -2) [potion of mutation]
 66426 | Zot:4    | Lost mutation: Your magical capacity is low. (-10% MP)
                  | [potion of mutation]
 66654 | Zot:5    | Killed a dread lich
 66708 | Zot:5    | Noticed an ancient lich
 66728 | Zot:5    | Killed an ancient lich
 67342 | Zot:5    | Got the Orb of Zot
 68004 | D:1      | Donated 97 gold pieces to Zin
 68015 | D:$      | Escaped with the Orb!

Illustrated notes

Levels and vault maps discovered:
D:1:      dpeg_arrival_lava_temple_mockup, layout_loops_ring, serial_shops, shop
D:2:      layout_basic, serial_shops, shop, basic_altar,
          shapermc_ecumenical_altar_ellora, minmay_tetromino_s4, uniq_natasha,
          uniq_jessica
D:3:      layout_basic, overflow_temple_1_default, gup_sewer_entry_pipe,
          uniq_crazy_yiuf_cottage, uniq_terence, uniq_ijyb
D:4:      nicolae_cairo_tiling, layout_cave_pods, minitemple, temple_hall
D:5:      minmay_polygon_palace, layout_gridville, minmay_strange_pillars,
          minmay_misc_feat_cross
D:6:      layout_cave_pools, nicolae_overflow_hidden_temple,
          mainiacjoe_overflow_catwalk, doesnt_shop_hydraphobe
D:7:      layout_rooms, mainiacjoe_overflow_surrounded_room, enter_bailey_5,
          minmay_misc_feat_rows, minivault_10, wad_floor_pattern_untrapped,
          minmay_fractal_squares_diagonal_5
D:8:      layout_loops_corners, mainiacjoe_overflow_catwalk_spiral,
          nicolae_ru_sacrificial_ziggurat, uniq_maggie
D:9:      layout_basic, mainiacjoe_overflow_big_doors, erik_orc_4,
          minmay_fractal_squares_gapless_5, uniq_jeremiah
D:10:     layout_long_grid, lemuel_crystal_altar, nicolae_ashenzari_skybound,
          david_lair_generic
D:11:     layout_irregular_city, uniq_maurice
D:12:     minmay_the_grid_square_5x5_4x4_mashed
          [minmay_the_grid_square_5x5_inset, minmay_the_grid_square_5x5_fat_x,
          minmay_the_grid_square_5x5_bracketed, minmay_the_grid_square_5x5_two,
          minmay_the_grid_square_5x5_inner_z,
          minmay_the_grid_square_5x5_prize_monsterx,
          minmay_the_grid_square_5x5_prize_deathbox,
          minmay_the_grid_square_5x5_eight_small,
          minmay_the_grid_square_5x5_minibox,
          minmay_the_grid_square_5x5_prize_gold,
          minmay_the_grid_square_5x5_prize_open,
          minmay_the_grid_square_5x5_comb, minmay_the_grid_square_5x5_two_small,
          minmay_the_grid_square_5x5_minimal,
          minmay_the_grid_square_5x5_shuriken,
          minmay_the_grid_square_5x5_slash], layout_loops_ring,
          gammafunk_ghost_smash, disabler_island
D:13:     layout_irregular_city, grunt_vaults_entry_fortified,
          serial_column_ruins, column_ruins_open_tiny,
          column_ruins_corridor_straight, column_ruins_columns_dead_end,
          column_ruins_columns_straight, column_ruins_columns_corner,
          amcnicky_altar_lugonu_corruption, uniq_sonja, uniq_rupert, uniq_lodul
D:14:     layout_long_grid, hangedman_decor_opposing, serial_shops,
          nicolae_shop_gibbet_a_chance, uniq_snorg
D:15:     hangedman_depths_entry_civil_slaughter, layout_long_grid,
          gammafunk_ghost_cemetery, fedhas_altar_fruit_tree
Temple:   nicolae_temple_superstar
Lair:1:   layout_small_grid, gammafunk_ghost_hydra_chop,
          chequers_serial_rivers_micro_d, minivault_23
Lair:2:   layout_small_grid, minmay_shoals_entry_centaurs, wad_woods_road_05,
          grunt_megastairs_3, uniq_amaemon
Lair:3:   layout_chaotic_city, alex1729_snake_entry_snake, roderic_carrion_pond,
          chequers_serial_rivers_room_a, ldierk_geyser, columned_hall_lemuel
Lair:4:   layout_regular_city, nicolae_slime_entry_field_trip,
          grunt_megastairs_2
Shoals:1: nicolae_shoals_island_circles, layout_shoals,
          nicolae_shoals_siren_and_animal_friends, uniq_aizul, uniq_kirke
Shoals:2: layout_shoals
Shoals:3: layout_shoals, uniq_bai_suzhen
Shoals:4: shoals_end_simple, layout_shoals, ebering_ghost_reflecting_pool
Snake:1:  layout_chambers
Snake:2:  kennysheep_six_static_rooms, layout_misc_corridors, basic_altar,
          grunt_megastairs_5, uniq_louise, uniq_jorgrun
Snake:3:  layout_cave_town, nicolae_snake_double_loop
Snake:4:  grunt_snake_rune_spirals, layout_onion, serial_shops,
          nicolae_shop_crystal, minmay_shop_mayhem,
          nicolae_snake_round_shape_thing, nicolae_snake_salamander_fort
Orc:1:    layout_diamond_mine, serial_shops, nicolae_shop_real_fake_doors,
          nicolae_shop_waterfront, nicolae_book_shop_shelving,
          nicolae_shop_drivethru
Orc:2:    st_orc_pillars, layout_diamond_mine, roderic_batcave,
          nicolae_shop_firing_range
Elf:1:    minmay_elf_arrival_plus, layout_loops_cross, serial_shops,
          nicolae_shop_rolling_square, kennysheep_underground_church,
          hangedman_elf_disciples
Elf:2:    nicolae_elf_blades_crystal_corner, layout_gridlike, serial_shops, shop
Elf:3:    minmay_elf_hall_curves, layout_geoelf_castle, corexii_leaking_fountain
Vaults:1: nicolae_vaults_surprise_closet, vaults_room_large_hall,
          nicolae_vaults_trapezoid_lopsided_4, ontoclasm_vaults_spin,
          nicolae_vaults_bisected_exclaves, vaults_mumra_chevron,
          nicolae_vaults_security_offices_3, nicolae_vaults_six-pack,
          ontoclasm_vaults_tryst, nicolae_vaults_tetromino_L_1,
          layout_vaults_omnigrid
Vaults:2: nicolae_vaults_storage_room_statues, minmay_crypt_entry_simple_box,
          nicolae_vaults_double_plus_1, nicolae_vaults_back_hallway,
          nicolae_vaults_little_squares_6, grunt_vaults_trifunnel,
          nicolae_vaults_windows_and_doors_thing, vaults_room_fancy_cross,
          grunt_vaults_hallway_long, nicolae_vaults_swerve,
          ontoclasm_vaults_idyll, ontoclasm_vaults_ring_small,
          nicolae_vaults_three_branches, ontoclasm_vaults_decontamination,
          layout_vaults_omnibox, serial_shops, nicolae_square_shop, shop,
          nicolae_shop_window_shopping, uniq_mara, uniq_nikola
Vaults:3: special_room_vaults [special_room_orc], hangedman_vaults_restitches,
          v_misc_12, nicolae_vaults_lightning_bolt, hangedman_vaults_nodes,
          nicolae_vaults_trapezoid_lopsided_3, nicolae_vaults_trapezoid_layered,
          nicolae_vaults_little_squares_3, nicolae_vaults_closet_pinwheel_1,
          nicolae_vaults_trapezoid_lopsided_4, nicolae_vaults_six-pack,
          layout_vaults_ring, serial_shops, nicolae_shop_gaudy_bauble,
          nicolae_shop_gaudy_bauble, shop, shop
Vaults:4: gammafunk_ghost_necromancy, nicolae_vaults_alarming,
          nicolae_vaults_storage_closets_3, grunt_vaults_funnel,
          dpeg_vaults_hating_casters, serial_ice_m, v_pattern_5,
          vaults_dpeg_cross, nicolae_vaults_trapezoid_2, vaults_dpeg_diagonal,
          hangedman_vaults_unwind, v_misc_25, hangedman_vaults_restitches,
          nicolae_vaults_theta, layout_vaults_big_room
Vaults:5: serial_shops, uniq_xtahua
Crypt:1:  layout_rooms, grunt_crypt_arrival_webbed
Crypt:2:  layout_regular_city, serial_co_window_serial, co_window_paths_a,
          co_window_paths_b, co_window_paths_a, co_window_paths_b,
          co_window_paths_b, co_window_paths_a, co_window_paths_b,
          co_window_unsneaky_path_b, co_window_of_opportunity_b,
          co_window_cross_4, co_window_corner_ca, co_window_paths_d,
          co_window_4corner_a, glass_columns_c, glass_columns_a,
          glass_columns_b, minivault_25
Crypt:3:  grunt_crypt_end_deaths_head
Tomb:1:   uniq_boris
Depths:1: layout_gridlike, rand_demon_pan_entry_3, serial_shops,
          bzr_in_the_mist, hell_entry, dk_noncrumbling_2,
          nicolae_shop_sticking_my_neck_out
Depths:2: minmay_ornate_pinched, layout_cave_pools, kennysheep_cluttered_room,
          pf_coc_iceberg, pan_entry, uniq_vv
Depths:3: wad_arrow_thing, layout_gridlike, enter_ziggurat_d,
          grunt_pan_entry_in_and_out, hangedman_abyss_entry_splay, hell_entry,
          serial_sigils_hangedman_quiver, lemuel_old_faithful, firewood_loft,
          infiniplex_staircase_pillars_1
Depths:4: grunt_zot_entry_hairpin, layout_gridlike, serial_shops, shop,
          rand_demon_pan_entry_1, hell_entry, minmay_misc_feat_pillars,
          okawaru_trees_1
Zot:1:    layout_misc_corridors, uniq_parghit
Zot:2:    layout_misc_corridors, bh_zot_ikea_curve
Zot:3:    layout_misc_corridors
Zot:4:    kennysheep_blocky_room, layout_concentric_octagons,
          grunt_ministairs_15
Zot:5:    layout_misc_corridors, grunt_ministairs_15

Skill      XL: |  1  2  3  4  5  6  7  8  9 10 11 12 13 14 15 16 17 18 19 20 21 22 23 24 25 26 |
---------------+-------------------------------------------------------------------------------+-----
Axes           | 3 4 5 6 7 9 10 11 12 13 14 15 16 18 20 | 20.0
Invocations    | 1 3 4 5 6 7 8 9 10 12 13 18 22 24 | 24.1
Fighting       | 4 5 7 8 9 11 12 14 16 17 18 19 21 22 23 24 | 24.0
Armour         | 4 5 7 8 9 10 12 14 15 17 18 19 21 22 23 24 | 24.0
Shields        | 4 5 7 8 9 10 11 13 15 16 17 | 17.0
Evocations     | 1 3 4 |  4.9
Throwing       | 1 3 4 6 7 9 11 13 15 17 19 21 22 23 | 23.0
Alchemy        | 7 |  7.0
Spellcasting   | |  0.3

Action                     |  1- 3 |  4- 6 |  7- 9 | 10-12 | 13-15 | 16-18 | 19-21 | 22-24 | 25-27 || total
---------------------------+-------+-------+-------+-------+-------+-------+-------+-------+-------++-------
  Melee: War axe           |    49 |   142 |   231 |   418 |     3 |       |       |       |       ||   843
         Headbutt          |     4 |    20 |    53 |   104 |   176 |   398 |   440 |   608 |   234 ||  2037
         Broad axe         |       |       |       |   100 |   722 |  1622 |  1485 |  1768 |   785 ||  6482
         Unarmed           |       |       |       |       |       |     1 |       |       |       ||     1
  Throw: Dart              |       |     4 |       |       |     8 |    11 |     5 |       |       ||    28
         Boomerang         |       |       |    38 |    17 |    39 |     7 |     6 |    70 |   121 ||   298
         Javelin           |       |       |       |     8 |    39 |    79 |    83 |    21 |    23 ||   253
 Invoke: Heroism           |       |       |     2 |     2 |    12 |    23 |    16 |       |       ||    55
         Receive Weapon    |       |       |       |     1 |       |       |       |       |       ||     1
         Receive Armour    |       |       |       |     1 |       |       |       |       |       ||     1
         Finesse           |       |       |       |       |     3 |     7 |     2 |       |       ||    12
         Duel              |       |       |       |       |     1 |       |       |       |       ||     1
         Divine Shield     |       |       |       |       |       |       |     6 |    16 |       ||    22
         Cleansing Flame   |       |       |       |       |       |       |     3 |     3 |       ||     6
         Recite            |       |       |       |       |       |       |       |    20 |    25 ||    45
         Summon Divine War |       |       |       |       |       |       |       |     2 |       ||     2
         Donate Gold       |       |       |       |       |       |       |       |     7 |     1 ||     8
         Vitalisation      |       |       |       |       |       |       |       |     4 |       ||     4
         Sanctuary         |       |       |       |       |       |       |       |       |     1 ||     1
  Evoke: Wand              |       |       |       |     1 |       |       |       |       |     6 ||     7
         Lightning rod     |       |       |       |       |       |     1 |       |       |       ||     1
         Phial of floods   |       |       |       |       |       |       |     1 |       |     1 ||     2
    Use: Scroll            |       |     1 |     5 |    13 |     6 |    14 |    19 |    14 |    13 ||    85
         Potion            |       |       |       |     5 |     3 |     9 |     9 |     6 |    25 ||    57
   Stab: Distracted        |       |       |       |     5 |       |       |       |       |       ||     5
         Confused          |       |       |       |       |       |       |       |     5 |    15 ||    20
         Invisible         |       |       |       |       |       |       |       |       |     2 ||     2
 Armour: Scale mail        |    24 |   112 |    94 |       |       |       |       |       |       ||   230
         Plate armour      |       |       |   119 |   262 |       |       |       |       |       ||   381
         Crystal plate arm |       |       |       |   147 |   420 |   822 |   815 |  1329 |   560 ||  4093
         Skin              |       |       |       |       |       |     7 |       |       |       ||     7
  Dodge: Dodged            |    22 |    76 |    87 |    77 |    72 |   170 |   145 |   217 |    95 ||   961
  Block: Buckler           |     8 |    30 |    68 |     5 |       |       |       |       |       ||   111
         Kite shield       |       |       |       |   126 |       |       |       |    27 |       ||   153
         Tower shield      |       |       |       |   229 |   631 |  1841 |  1733 |  2306 |   899 ||  7639
         Reflection        |       |       |       |       |       |    78 |    85 |       |       ||   163

Table legend: (Time is in decaauts)
 A = Elapsed time spent in this place.
 B = Non-inter-level travel time spent in this place.
 C = Inter-level travel time spent in this place.
 D = Time resting spent in this place.
 E = Time spent auto-exploring this place.
 F = Levels seen in this place.
 G = Mean time per level.
                   A        B        C        D        E       F      G
               +--------+--------+--------+--------+--------+-----+--------+
         Total |  67140 |  58181 |   8959 |   4846 |  17873 |  55 | 1220.7 |
       Dungeon |  17126 |  13829 |   3297 |    326 |   7807 |  15 | 1141.7 |
        Temple |    141 |    126 |     15 |      0 |      0 |   1 |  141.0 |
          Lair |   5124 |   4016 |   1108 |     71 |   2687 |   4 | 1281.0 |
        Shoals |   4418 |   4218 |    200 |    788 |     78 |   4 | 1104.5 |
     Snake Pit |   5974 |   5204 |    770 |    289 |   1504 |   4 | 1493.5 |
  Orcish Mines |   2416 |   1446 |    970 |    318 |    593 |   2 | 1208.0 |
   Elven Halls |   5072 |   4377 |    695 |    638 |    813 |   3 | 1690.7 |
        Vaults |  10404 |   9551 |    853 |    584 |   1006 |   5 | 2080.8 |
         Crypt |   3362 |   3185 |    177 |    173 |   1224 |   3 | 1120.7 |
          Tomb |     94 |     94 |      0 |      0 |     15 |   1 |   94.0 |
        Depths |   5277 |   4684 |    593 |    279 |   1669 |   4 | 1319.2 |
           Zot |   7231 |   6955 |    276 |   1380 |    282 |   5 | 1446.2 |
        Bazaar |     62 |     62 |      0 |      0 |      0 |   1 |   62.0 |
         Sewer |    193 |    193 |      0 |      0 |    134 |   1 |  193.0 |
        Bailey |    227 |    227 |      0 |      0 |     59 |   1 |  227.0 |
         Arena |     13 |     13 |      0 |      0 |      0 |   1 |   13.0 |
               +--------+--------+--------+--------+--------+-----+--------+

Top non-repeatable levels by time:
   Zot:5: 3142 daAuts
   Elf:3: 2774 daAuts
Vaults:5: 2545 daAuts
Vaults:1: 2492 daAuts
 Snake:4: 2240 daAuts
   Orc:2: 2131 daAuts
Vaults:4: 2067 daAuts
Vaults:2: 1995 daAuts
    D:12: 1891 daAuts
Depths:3: 1572 daAuts
Depths:4: 1491 daAuts
  Lair:2: 1442 daAuts
  Lair:3: 1431 daAuts
Shoals:4: 1423 daAuts
    D:15: 1399 daAuts
